 Dungeon Crawl Stone Soup version 0.31-a0-149-g3fdcc5976a (webtiles) character file.

Game seed: 2824973564247271068

1 Armakuni the Poker (level 1, -3/16 HPs)
             Began as a Meteoran Wanderer on June 8, 2023.
             Slain by Terence
             ... wielding a +0 mace
              (6 damage)
             ... on level 2 of the Dungeon.
             The game lasted 00:00:39 (23 turns).

Armakuni the Poker (Meteoran Wanderer)                Turns: 23, Time: 00:00:39

Health: -3/16      AC:  2    Str: 14    XL:     1   Next: 28%
Magic:  3/3        EV: 11    Int: 14    God:
Gold:   0          SH:  0    Dex: 11    Spells: 1/2 levels left

rFire   . . .        a - +2 spear
rCold   . . .        (no shield)
rNeg    . . .        e - +0 robe
rPois   .            (no helmet)
rElec   .            (no cloak)
rCorr   .            (no gloves)
SInv    .            (no boots)
Will    .....        (no amulet)
Stlth   +            (no ring)
HPRegen 0.22/turn    (no ring)
MPRegen 0.08/turn

%: no passive effects
@: glowing
A: sense surroundings 1, otherworldly, glowing, explore regen
a: no special abilities


You were on level 2 of the Dungeon.
You visited 1 branch of the dungeon, and saw 2 of its levels.

Inventory:

Hand Weapons
 a - a +2 spear (weapon)
 c - a +0 dagger
Missiles
 b - 9 poisoned darts (quivered)
Armour
 e - a +0 robe (worn)
Scrolls
 d - a scroll of fog


   Skills:
 + Level 1.3 Fighting
 - Level 4.8 Polearms
 - Level 1.2 Throwing
 - Level 1.2 Dodging
 - Level 1.3 Spellcasting
 - Level 1.2 Conjurations
 - Level 1.2 Evocations


You had one spell level left.
You knew the following spells:

 Your Spells              Type           Power      Damage    Failure   Level
a - Kiss of Death         Conj/Necr      8%         2d6       21%         1

Your spell library contained the following spells:

 Spells                   Type           Power      Damage    Failure   Level
 Mephitic Cloud           Conj/Pois/Air  2%         N/A       54%         3


Dungeon Overview and Level Annotations

Branches:
Dungeon (2/15) Zot: 1175

Altars:

Annotations:
D:2 Terence


Innate Abilities, Weirdness & Mutations

You passively map a small area around you.
You are easily found by Zot.
You glow in the dark.
You regain HP and MP as you explore.


Message History

Found a stone staircase leading down.
There is a stone staircase leading down here.
You climb downwards.
Found a chain mail.
There is a stone staircase leading up here.
Terence the Incautious comes into view.
He is wielding a +0 mace.
Found 9 gold pieces and a scroll labelled ERUHO BEDYMAEBAHU.
Terence shouts!
A rat comes into view.
Terence asks, "Do you want it fast or slow?"
Terence moves out of view.
You closely miss the quokka. The quokka bites you.
The quokka attacks as you move away! The quokka barely misses you.
There is a stone staircase leading up here.
The quokka bites you but does no damage.
You climb upwards.
There is a stone staircase leading down here.
You hit the quokka.
The quokka is almost dead.
The quokka barely misses you.
You barely miss the quokka. Your punch misses the quokka.
The quokka is almost dead.
The quokka barely misses you.
You puncture the quokka!
You kill the quokka!
No target in view!
You climb downwards.
Level annotation: Terence The giant cockroach barely misses you.
The rat bites you. Terence hits you but does no damage.
The giant cockroach bites you but does no damage.
Terence hits you with a +0 mace. The rat bites you.
* * * LOW HITPOINT WARNING * * *
There is a stone staircase leading up, spattered with blood here.
Okay, then.
You aren't carrying any potions.
Unknown command.
The giant cockroach closely misses you. The rat bites you but does no damage.
Terence hits you with a +0 mace.
You die...

, , ,
*##........ ,
......... ,?
........ , ..
, #.....#,
,.$. ,
#.....#, ...
,, #.....# ..
.
#....@#.#....
#...@B....[.#
*
#....r..#####
#.......####
* #......## *
####..., ,*
#..# * * ###
*, * ,*


You could see Terence, a giant cockroach and a rat.

Vanquished Creatures
  A quokka (D:1)
1 creature vanquished.

Notes
Turn   | Place    | Note
-------+----------+-------------------------------------------
     0 | D:1      | Armakuni the Meteoran Wanderer began the quest for the Orb.
     0 | D:1      | Armakuni set off with the following items: a +2 spear, 9
                  | poisoned darts, a +0 dagger, a scroll of fog, a +0 robe;
                  | and the following spell memorised: Kiss of Death; and the
                  | following spells available to memorise: Mephitic Cloud.
     0 | D:1      | Reached XP level 1. HP: 16/16 MP: 3/3
    13 | D:2      | Noticed Terence
    23 | D:2      | Slain by Terence

Illustrated notes

Levels and vault maps discovered:
D:1:      dpeg_arrival_arbitrary_b, layout_basic,
          minmay_misc_feat_secret_circle, kennysheep_boxes
D:2:      layout_rooms, hangedman_decor_lopped, uniq_terence

Action                     || total
---------------------------++-------
  Melee: Spear             ||     4
 Armour: Robe              ||     4
  Dodge: Dodged            ||     5

Table legend: (Time is in decaauts)
 A = Elapsed time spent in this place.
 B = Non-inter-level travel time spent in this place.
 C = Inter-level travel time spent in this place.
 D = Time resting spent in this place.
 E = Time spent auto-exploring this place.
 F = Levels seen in this place.
 G = Mean time per level.
                   A        B        C        D        E       F      G
               +--------+--------+--------+--------+--------+-----+--------+
         Total |     23 |     23 |      0 |      0 |      0 |   2 |   11.5 |
       Dungeon |     23 |     23 |      0 |      0 |      0 |   2 |   11.5 |
               +--------+--------+--------+--------+--------+-----+--------+

Top non-repeatable levels by time:
     D:1: 17 daAuts
     D:2: 6 daAuts
